 Dungeon Crawl Stone Soup version 0.18-a0-1202-g796ae12 (webtiles) character file.

102 Foomius the Stinger (level 4, -4/27 HPs)
             Began as an Octopode Venom Mage on Jan 31, 2016.
             Killed from afar by Sigmund (8 damage)
             ... with a magic dart
             ... on level 3 of the Dungeon.
             The game lasted 00:11:41 (2815 turns).

Foomius the Stinger (Octopode Venom Mage)           Turns: 2815, Time: 00:11:41

Health: -4/27      AC:  1    Str:  7    XL:     4   Next: 78%
Magic:  0/8        EV: 12    Int: 18    God:
Gold:   145        SH:  0    Dex: 12    Spells: 3 memorised, 3 levels left

rFire  . . .     SeeInvis .     a - +0 mace
rCold  . . .     Gourm    .     (no shield)
rNeg   . . .     Faith    .     (helmet restricted)
rPois  .         Spirit   .     (no amulet)
rElec  .         Dismiss  .     i - ring of stealth
rCorr  .         Reflect  .     (no ring)
SustAt .         Harm     .     (no ring)
MR     .....                    (no ring)
Stlth  +++.......               (no ring)
                                (no ring)
                                (no ring)
                                (no ring)

@: confused, not resistant to hostile enchantments, fairly stealthy
A: almost no armour, amphibious, 8 rings, constrict 8, camouflage 1, gelatinous
body 1
a: no special abilities


You were on level 3 of the Dungeon.
You were hungry.

You visited 1 branch of the dungeon, and saw 3 of its levels.

You collected 145 gold pieces.

Inventory:

Hand Weapons
 a - a +0 mace (weapon)
 b - a +0 hunting sling
Missiles
 f - 23 poisoned needles
 q - 91 stones (quivered)
Jewellery
 i - a ring of stealth (left tentacle)
Scrolls
 c - a scroll of teleportation {unknown}
 d - a scroll of recharging {unknown}
 g - a scroll of amnesia {unknown}
 l - 2 scrolls of identify {unknown}
 p - a scroll of remove curse {unknown}
 r - a scroll of enchant weapon {unknown}
 s - a scroll of blinking {unknown}
 u - a scroll of enchant armour {unknown}
 x - a scroll of immolation {unknown}
 y - a scroll of fog {unknown}
Potions
 e - a potion of cure mutation {unknown}
 h - a potion of flight {unknown}
 j - 2 potions of heal wounds
 m - a potion of beneficial mutation {unknown}
 n - a potion of might {unknown}
 w - a potion of curing {unknown}
Books
 o - a Young Poisoner's Handbook

   Spells                             Type                      Level
   a - Sting                          Conjuration/Poison           1
   b - Cure Poison                    Poison                       2
   c - Mephitic Cloud                 Conjuration/Poison/Air       3
   d - Olgreb's Toxic Radiance        Poison                       4
   e - Venom Bolt                     Conjuration/Poison           5
Comestibles
 k - 3 fruits
 t - a chunk of flesh
 v - 3 bread rations


   Skills:
 + Level 0.6 Fighting
 + Level 2.2 Dodging
 - Level 2.6 Stealth
 - Level 3.0 Spellcasting
 - Level 3.0 Conjurations
 - Level 4.8 Poison Magic


You had 3 spell levels left.
You knew the following spells:

 Your Spells              Type           Power        Failure   Level  Hunger
a - Sting                 Conj/Pois      ###.         3%          1    None
b - Cure Poison           Pois           ###.......   3%          2    ##.....
c - Mephitic Cloud        Conj/Pois/Air  ##......     21%         3    ###....


Dungeon Overview and Level Annotations

Branches:
Dungeon (3/15)

Altars:
Cheibriados
Trog

Annotations:
D:3 Sigmund


Innate Abilities, Weirdness & Mutations

You cannot wear most types of armour.
You are amphibious.
You can wear up to eight rings at the same time.
You can use your tentacles to constrict eight enemies at once.
Your skin changes colour to match your surroundings (Stealth).
Your rubbery body absorbs attacks (AC +1).


Message History

Casting: Sting
Confirm with . or Enter, or press ? or * to list all spells.
Aiming: Mephitic Cloud
Press: ? - help, Shift-Dir - straight line The ball explodes into a vile cloud!
The stinking cloud engulfs something.
A magic dart appears from out of thin air!
The magic dart hits you!
* * * LOW HITPOINT WARNING * * *
Something hits you but does no damage.
You hear some strange, mumbled words.
You are confused.
You're too confused to move!
You hear some strange, mumbled words.
You are more confused.
A magic dart appears from out of thin air!
The magic dart hits you!
* * * LOW HITPOINT WARNING * * *
A magic dart appears from out of thin air!
The magic dart hits you!
You die...

#.####.#####...#######.########
#>.............................
######.....#.#.........########
#####.#.#.################
#.#.#<...# #.........
#######'#.#..#.# #.........
#...........##.# #........(
#.........#....# #.........
#.........#@#<## #.........
#...........#.# #.........
#.......r####.# #.........
#........'....# #.........
#........###### #.........
#........# #.........
#####........# ...........
#..[[.....#### ###########
#r#########


You could see a rat.

Vanquished Creatures
  3 adders (D:2)
  3 oozes (D:1)
  2 giant geckos
  2 giant cockroaches
  10 goblins
  6 hobgoblins
  3 jackals
  6 kobolds
  A quokka (D:2)
  10 bats
  3 giant newts
  11 rats
60 creatures vanquished.

Vanquished Creatures (others)
  A rat (D:3)
1 creature vanquished.

Grand Total: 61 creatures vanquished

Notes
Turn   | Place    | Note
--------------------------------------------------------------
     0 | D:1      | Foomius the Octopode Venom Mage began the quest for the Orb.
     0 | D:1      | Reached XP level 1. HP: 11/11 MP: 3/3
    69 | D:1      | Found a snail-covered altar of Cheibriados.
   144 | D:1      | Reached skill level 1 in Conjurations
   270 | D:1      | Reached XP level 2. HP: 17/17 MP: 3/5
   306 | D:1      | Learned a level 2 spell: Cure Poison
   925 | D:1      | Reached XP level 3. HP: 21/21 MP: 4/6
   930 | D:1      | Learned a level 3 spell: Mephitic Cloud
  1303 | D:2      | Found a bloodstained altar of Trog.
  1662 | D:2      | Reached XP level 4. HP: 27/27 MP: 6/8
  2781 | D:3      | Noticed Sigmund
  2815 | D:3      | Killed from afar by Sigmund

Vault maps used:
D:1:      lemuel_arrival_behind_the_door_small, cheibriados_altar_1
D:2:      trog_three_pillars_becter
D:3:      first_bread, minmay_misc_feat_square, corexii_shack, uniq_sigmund

Action                   |  1- 3 |  4- 6 || total
-------------------------+-------+-------++-------
Melee: Unarmed           |     2 |       ||     2
       Mace              |    17 |    21 ||    38
       Short sword       |     4 |       ||     4
 Fire: Hunting sling     |     5 |    11 ||    16
 Cast: Sting             |    57 |    36 ||    93
       Cure Poison       |     1 |     1 ||     2
       Mephitic Cloud    |       |     2 ||     2
  Use: Potion            |     1 |       ||     1
 Stab: Sleeping          |     2 |       ||     2
  Eat: Chunk             |     3 |     3 ||     6
